Map: Dasan Station LE

Players

GoSPeL - Winner!

  • Race: Zerg Zerg
  • Spawn Location: 6:00

Fropez

  • Race: Protoss Protoss
  • League: Gold
  • Spawn Location: 12:00

VOD

Have the link to the VOD?

Description

Time

  • Played on: July 12, 2016, 4:54 p.m.
  • Length: 10:34
Show
View Real Time Build Order
Export as new Build Order

GoSPeL Zerg - Winner!

Build Orders: Hatch First, Lurkers 

Get SALT Encoding   

  12  0:01  Drone  
  13  0:12  Overlord  
  13  0:16  Drone  
  14  0:31  Drone x2  
  14  0:34  Drone  
  17  0:58  Hatchery  
  17  1:03  Drone  
  17  1:04  Drone  
  17  1:06  Extractor  
  17  1:14  Spawning Pool  
  17  1:16  Drone  
  17  1:24  Drone  
  18  1:29  Drone  
  19  1:42  Overlord  
  19  1:51  Drone  
  20  2:02  Drone  
  21  2:12  Queen x2  
  21  2:13  Drone x2  
  27  2:30  Drone  
  27  2:31  Drone  
  29  2:38  Drone  
  29  2:39  Drone  
  31  2:48  Drone x2  
  33  2:54  Queen  
  33  2:57  Lair  
  33  2:58  Overlord  
  35  2:59  Drone  
  35  3:03  Roach Warren  
  35  3:09  Extractor  
  34  3:12  Extractor  
  34  3:13  Extractor, Drone x2  
  34  3:16  Overlord  
  34  3:17  Drone  
  35  3:25  Drone x2  
  35  3:26  Drone  
  38  3:38  Drone x4  
  38  3:40  Overlord  
  38  3:41  Drone  
  43  3:59  Hydralisk Den  
  43  4:00  Drone x2  
  44  4:07  Drone  
  44  4:08  Drone x3  
  48  4:15  Overlord  
  48  4:17  Overlord  
  48  4:28  Hydralisk, Spore Crawler  
  48  4:29  Hydralisk  
  48  4:30  Overlord  
  51  4:32  Overlord  
  51  4:49  Spore Crawler  
  50  4:55  Hydralisk x6  
  62  5:02  Burrow  
  62  5:15  Hydralisk x3  
  68  5:22  Lurker Den  
  68  5:34  Overlord x2  
  68  5:35  Overlord x2  
  68  5:38  Drone x2  
  68  5:39  Drone x2  
  72  5:58  Evolution Chamber  
  72  5:59  Infestation Pit  
  70  6:09  Tunneling Claws  
  69  6:29  Hydralisk x7  
  69  6:30  Hydralisk  
  85  6:48  Hatchery  
  85  6:49  Hive  
  85  6:51  Pneumatized Carapace  
  85  6:52  Overlord x3  
  85  6:53  Overlord, Roach  
  85  6:54  Roach x2  
  90  7:05  Zerg Missile Weapons Level 1  
  90  7:10  Overseer  
  90  7:12  Evolution Chamber  
  87  7:20  Roach x2  
  87  7:21  Roach x6  
  97  7:30  Drone  
  97  7:31  Drone  
  99  7:37  Drone x3  
  99  7:38  Drone x3  
  105  8:01  Queen  
  105  8:03  Drone  
  105  8:04  Drone x7  
  115  8:12  Spore Crawler  
  114  8:15  Extractor  
  114  8:17  Extractor  
  112  8:33  Roach x6  
  112  8:34  Roach  
  130  8:37  Roach  
  130  8:38  Roach  
  130  9:03  Spore Crawler  
  130  9:05  Overlord x4  
  130  9:06  Overlord x3  
  129  9:34  Lurker  
  129  9:35  Lurker x4  
  134  9:39  Hydralisk x6  
  134  9:40  Hydralisk x4  
  134  9:41  Overlord x2  
  134  9:42  Overlord  
Show
View Real Time Build Order
Export as new Build Order

Fropez Protoss 

Build Orders: Phoenix Opening 

Get SALT Encoding   

  12  0:01  Probe (Chrono Boost)  
  13  0:22  Pylon  
  13  0:26  Probe (Chrono Boost)  
  14  0:46  Gateway x2  
  14  0:53  Pylon  
  14  0:56  Probe (Chrono Boost)  
  15  1:05  Assimilator  
  15  1:11  Pylon  
  15  1:13  Probe (Chrono Boost)  
  16  1:23  Probe (Chrono Boost), Assimilator  
  17  1:34  Cybernetics Core  
  17  1:36  Probe (Chrono Boost)  
  18  2:17  Stargate  
  18  2:18  Probe (Chrono Boost)  
  19  2:26  Zealot (Chrono Boost)  
  19  2:29  Zealot (Chrono Boost)  
  23  2:31  Warp Gate  
  23  2:39  Probe (Chrono Boost)  
  24  2:52  Zealot (Chrono Boost)  
  24  2:58  Zealot (Chrono Boost)  
  28  3:00  Pylon  
  28  3:05  Probe  
  29  3:07  Phoenix (Chrono Boost)  
  31  3:17  Probe  
  32  3:25  Zealot  
  34  3:34  Twilight Council  
  34  3:41  Probe  
  35  3:48  Phoenix (Chrono Boost)  
  37  4:00  Pylon  
  37  4:18  Charge  
  37  4:29  Phoenix (Chrono Boost)  
  39  4:46  Protoss Air Weapons Level 1  
  39  4:53  Phoenix (Chrono Boost)  
  41  5:01  Probe  
  43  5:16  Phoenix (Chrono Boost)  
  44  5:28  Nexus  
  44  5:33  Pylon  
  44  5:37  Probe  
  45  5:54  Phoenix (Chrono Boost)  
  47  5:59  Probe  
  48  6:16  Phoenix (Chrono Boost)  
  50  6:21  Pylon  
  50  6:37  Phoenix (Chrono Boost)  
  52  6:46  Probe  
  53  6:49  Probe  
  54  6:54  Protoss Air Armor Level 1 (Chrono Boost)  
  54  6:59  Phoenix (Chrono Boost), Probe  
  52  7:34  Phoenix (Chrono Boost)  
  54  7:43  Probe  
  55  7:49  Stargate  
  55  7:52  Zealot  
  55  7:53  Zealot  
  55  7:56  Gateway  
  59  7:58  Gateway  
  59  8:02  Gateway  
  59  8:04  Gateway  
  59  8:07  Gateway  
  57  8:53  Phoenix x2 (Chrono Boost)  
  60  9:02  Probe  
  60  9:03  Probe  
  60  9:08  Assimilator  
  61  9:12  Assimilator  
  59  9:18  Zealot x2  
  59  9:19  Zealot x4  
  59  9:20  Zealot  
  69  9:39  Probe  
  69  9:40  Probe  
  69  9:43  Zealot x3  
  69  9:44  Zealot x4  
  85  10:06  Pylon  
  85  10:08  Pylon  
  85  10:18  Pylon  
Tags
 
Composition
Lurkers
League
Gold
Matchup
PvZ
Replay Pack
All Mines
Spawn Locations
Cross Positions
Add a new tag
Caveats
  • Supply blocks, unpowered buildings, or Contaminate may cause inaccurate times.
  • Supply counts are checked every 10 seconds.